 Dungeon Crawl Stone Soup version 0.27-a0-1154-gfdeffcb720 (webtiles) character file.

Game seed: 5065955317842973864

165125 freelancePsychic the Impassioned (level 17, -3/93 HPs)
             Began as a Vine Stalker Fighter on May 14, 2021.
             Was a Follower of Uskayaw.
             Succumbed to a guardian serpent's bolt of poison
             ... on level 2 of the Snake Pit.
             The game lasted 01:14:11 (23414 turns).

freelancePsychic the Impassioned (VSFi)            Turns: 23414, Time: 01:14:12

Health: -3/93      AC: 20    Str: 40    XL:     17   Next: 87%
Magic:  1/30       EV:  9    Int:  8    God:    Uskayaw [*.....]
Gold:   1797       SH: 19    Dex: 13    Spells: 16/16 levels left

rFire    + + .     SeeInvis +   M - +5 quick blade (freeze)
rCold    . . .     Faith    +   U - +0 tower shield
rNeg     . . .     Spirit   +   A - +0 plate armour of Biclug {Drain +Blink SInv Stlth+}
rPois    x         Reflect  .   l - +0 helmet
rElec    .         Harm     .   P - +2 cloak
rCorr    .         Rampage  .   (no gloves)
Will     ++...                  (no boots)
Stlth    ..........             H - amulet "Jeraun" {Faith rF+}
HPRegen  1.25/turn              X - ring of Trepidation {Fly Str+7}
MPRegen  0.22/turn              u - +6 ring of strength

@: lethally poisoned (-3 -> -24), poison vulnerable, flying
A: fangs 3, regeneration 1, magic shield, antimagic bite, no potion heal 2, fire
resistance 1, wild magic 1
a: Renounce Religion, Evoke Blink, Stomp


You were on level 2 of the Snake Pit.
You worshipped Uskayaw.
Uskayaw was most pleased with you.
You visited 5 branches of the dungeon, and saw 26 of its levels.
You visited the Abyss 1 time.
You also visited: Sewer and Ice Cave.

You collected 2178 gold pieces.
You spent 381 gold pieces at shops.

Inventory:

Hand Weapons
 M - a +5 quick blade of freezing (weapon)
Missiles
 z - 11 atropa-tipped darts
 T - 3 throwing nets
Armour
 k - a +2 buckler of cold resistance
 l - a +0 helmet (worn)
 A - the +0 plate armour of Biclug (worn) {Drain +Blink SInv Stlth+}
   (You acquired it on level 5 of the Dungeon)

   It lets you see invisible.
   It lets you blink.
   It drains your maximum health when unequipped.
   It makes you more stealthy.
 P - a +2 cloak (worn)
 U - a +0 tower shield (worn)
Jewellery
 a - an amulet of the acrobat
 n - a +6 ring of dexterity
 u - a +6 ring of strength (right hand)
 x - a ring of wizardry
 E - a ring of see invisible
 H - the amulet "Jeraun" (around neck) {Faith rF+}
   (You found it on level 8 of the Dungeon)

   [amulet of faith]

   It allows you to gain divine favour quickly.
   It protects you from fire.
 I - a ring of resist corrosion
 V - an amulet of guardian spirit
 W - a ring of positive energy
 X - the ring of Trepidation (left hand) {Fly Str+7}
   (You found it on level 1 of the Snake Pit)

   [ring of flight]

   It affects your strength (+7).
   It grants you flight.
Wands
 b - a wand of charming (7)
 h - a wand of digging (25)
 p - a wand of paralysis (6)
 y - a wand of mindburst (9) (quivered)
 C - a wand of flame (54)
 D - a wand of acid (23)
Scrolls
 c - 2 scrolls of fog
 e - 9 scrolls of enchant armour
 o - 2 scrolls of holy word
 r - 9 scrolls of teleportation {@r4}
 t - 8 scrolls of identify {@r1}
 v - 2 scrolls of magic mapping
 w - 3 scrolls of vulnerability
 J - a scroll of immolation
 O - a scroll of torment
 S - a scroll of silence
Potions
 d - 3 potions of berserk rage
 f - 6 potions of mutation
 g - 8 potions of curing {@q1}
 i - 4 potions of heal wounds {@q2}
 j - 4 potions of brilliance
 m - 6 potions of ambrosia
 q - 5 potions of lignification
 s - 4 potions of might
 F - 3 potions of degeneration
 G - 6 potions of flight
 K - 2 potions of haste {@q3}
 L - a potion of resistance
 Q - 2 potions of invisibility
 R - a potion of magic
 Y - a potion of cancellation {unknown}


   Skills:
 * Level 12.0 Fighting
 - Level 14.0 Short Blades
 - Level 11.0 Armour
 - Level 9.4 Dodging
 + Level 5.9 Shields
 + Level 17.2 Invocations


You had 16 spell levels left.
You didn't know any spells.
Your spell library contained the following spells:

 Spells                   Type           Power      Damage    Failure   Level
 Corona                   Hex            0%         N/A       100%        1
 Freeze                   Ice            0%         1d3       100%        1
 Magic Dart               Conj           0%         1d3       100%        1
 Summon Small Mammal      Summ           0%         N/A       100%        1
 Call Imp                 Summ           0%         N/A       100%        2
 Passwall                 Tmut/Erth      0%         N/A       100%        2
 Poisonous Vapours        Pois/Air       0%         N/A       100%        2
 Searing Ray              Conj           0%         3d3       100%        2
 Slow                     Hex            0%         N/A       100%        2
 Call Canine Familiar     Summ           0%         N/A       100%        3
 Conjure Flame            Conj/Fire      0%         6-21      100%        3
 Dazzling Flash           Conj/Hex       0%         N/A       100%        3
 Frozen Ramparts          Ice            0%         1d2       100%        3
 Inner Flame              Hex/Fire       0%         N/A       100%        3
 Mephitic Cloud           Conj/Pois/Air  0%         N/A       100%        3
 Ozocubu's Armour         Ice            0%         N/A       100%        3
 Portal Projectile        Hex/Tloc       0%         N/A       100%        3
 Summon Guardian Golem    Hex/Summ       0%         N/A       100%        3
 Animate Dead             Necr           0%         N/A       100%        4
 Cause Fear               Hex            0%         N/A       100%        4
 Fulminant Prism          Conj/Hex       0%         3d6       100%        4
 Hailstorm                Conj/Ice       0%         3d3       100%        4
 Iskenderun's Mystic Bla  Conj/Tloc      0%         2d3       100%        4
 Leda's Liquefaction      Hex/Erth       0%         N/A       100%        4
 Petrify                  Tmut/Erth      0%         N/A       100%        4
 Summon Ice Beast         Ice/Summ       0%         N/A       100%        4
 Summon Lightning Spire   Summ/Air       0%         N/A       100%        4
 Borgnjor's Vile Clutch   Necr/Erth      0%         N/A       100%        5
 Metabolic Englaciation   Hex/Ice        0%         N/A       100%        5
 Silence                  Hex/Air        0%         N/A       100%        5
 Yara's Violent Unravell  Hex/Tmut       0%         3d3       100%        5
 Death Channel            Necr           0%         N/A       100%        6
 Eringya's Noxious Bog    Tmut/Pois      0%         N/A       100%        6
 Freezing Cloud           Conj/Ice/Air   0%         6-21      100%        6
 Simulacrum               Ice/Necr       0%         N/A       100%        6
 Dragon Form              Tmut           0%         N/A       100%        7
 Discord                  Hex            0%         N/A       100%        8


Dungeon Overview and Level Annotations

Branches:
Dungeon (15/15)            Temple (1/1) D:6            Lair (6/6) D:11
 Shoals (0/4) Lair:3        Snake (2/4) Lair:3        Slime (0/5) Lair:6
    Orc (2/2) D:11            Elf (0/3) Orc:2        Vaults (0/5) D:14
 Depths (0/5) D:15          Sewer (visited)           IceCv (visited)

Altars:
Ashenzari
Cheibriados
Dithmenos
Elyvilon
Fedhas
Gozag
Hepliaklqana
Kikubaaqudgha
Makhleb
Nemelex Xobeh
Okawaru
Qazlal
Ru
Sif Muna
Trog
Uskayaw
Vehumet
Wu Jian
Xom
Zin
The Shining One
Beogh
Jiyva

Shops:
D:5 *   D:14 [   Orc:1 [   Orc:2 (?*(

Portals:
Abyss: D:4

Annotations:
D:4 2 transporters, NateTC's ghost, amateur FoFi
D:8 3 runed translucent doors, tinescath's ghost, novice DrTm
Lair:3 exclusion: 3 oklob plants
Orc:1 2 transporters, contendunt's ghost, journeyman MiFi
Abyss:1 Fannar


Innate Abilities, Weirdness & Mutations

You have razor-sharp teeth.
Your natural rate of healing is unusually fast.
When hurt, damage is shared between your health and your magic reserves.
Your bite disrupts and absorbs the magic of your enemies.
Potions cannot restore your health.
Your flesh is heat resistant. (rF+)
Your spells are a little harder to cast, but a little more powerful.


Message History

You block the naga mage's attack. x2
The naga warrior hits you with a +0 long sword!
* * * LOW HITPOINT WARNING * * *
The naga warrior grabs you. The naga warrior constricts you.
The naga ritualist spits poison at you.
The splash of poison hits you but does no damage.
You are lethally poisoned!
The naga mage hits you but does no damage.
There is a stone staircase leading up, spattered with blood here.
Things that are here:
a +0 dire flail; a naga corpse; a black mamba corpse Your system rejects the healing.
You feel better.
The naga ritualist no longer looks unusually strong.
The naga warrior hits you with a +0 long sword!!
* * * LOW HITPOINT WARNING * * *
The naga warrior constricts you. You block the naga mage's attack.
The naga ritualist invokes the aid of its god against you.
You resist with almost no effort.
Aiming: Grand Finale
Press: ? - help, Shift-Dir - straight line, f - naga mage
Aim: a naga mage, wielding a +0 flail and wearing a +0 robe (moderately wounded, fast)
The naga mage explodes violently!
You blow up the naga mage!
The naga warrior loses its grip on you.
As you read the scroll of fear, it crumbles to dust.
You assume a fearsome visage.
The naga warrior resists with some effort.
The naga ritualist looks frightened!
The naga ritualist is no longer sharing its pain.
You block the naga warrior's attack. x2
You see here a +0 war axe.
The naga warrior spits poison at you. You block the splash of poison.
Found a stone staircase leading down.
The naga warrior roars a battlecry!
The guardian serpent casts a spell at you.
The bolt of poison hits you!!
You are poisoned.
* * * LOW HITPOINT WARNING * * *
You die...

#.#.##........... ##
## #.#.....##.....##
..###.....N.##..##.#
....................
##...#....!.........
#.................
#.........#........
#.........##.......
####.@....##.......
#.<.............
#......S........
#...............
#...............
#.......<.....#
#...#.........#
#####.........#
###########


You could see a naga warrior (curare) and a guardian serpent.

Vanquished Creatures
  Rupert (Lair:3)
  A tentacled starspawn (Abyss:2)
  Gastronok (Lair:3)
  Louise (D:14)
  An orc warlord (Orc:2)
  A draconian shifter (Abyss:2)
  A reaper (IceCv)
  A lorocyproca (Abyss:2)
  Josephine (D:11)
  A great orb of eyes (D:15)
  Harold (D:14)
  2 vault guards (D:14)
  A rakshasa (Abyss:2)
  A fire dragon (D:14)
  6 naga warriors (Snake:1)
  8 hydras
  A death knight (D:15)
  5 centaur warriors
  An ogre mage (D:15)
  2 catoblepae
  5 anacondas
  6 two-headed ogres
  9 death yaks
  3 large abominations (Abyss:2)
  A shock serpent (Snake:1)
  3 naga sharpshooters (Snake:1)
  3 orc high priests (Orc:2)
  A hell knight (D:14)
  A wretched star (Abyss:2)
  A salamander mystic (Snake:1)
  5 skeletal warriors (D:15)
  A shadow wraith (Abyss:2)
  A glowing orange brain (shapeshifter) (D:15)
  A lindwurm (Lair:4)
  A phantasmal warrior (D:15)
  2 naga ritualists (Snake:1)
  3 wizards (D:14)
  8 orc knights
  2 necromancers (D:14)
  3 deep elf pyromancers
  16 ugly things
  4 orc sorcerers
  5 mana vipers
  3 cyclopes
  2 manticores (D:12)
  A salamander (shapeshifter) (D:15)
  22 elephants
  A guardian serpent (Abyss:2)
  3 salamanders (Snake:2)
  The ghost of leviel the Cleaver, a novice MiFi (D:5)
  8 naga magi
  2 torpor snails (Lair:6)
  Maurice (D:8)
  16 black mambas
  2 ice statues (IceCv)
  A smoke demon (Abyss:2)
  16 cane toads
  A gargoyle (D:13)
  A kobold demonologist (D:12)
  3 unseen horrors
  4 rime drakes
  An efreet (D:14)
  A tengu conjurer (D:14)
  A komodo dragon (shapeshifter) (D:15)
  8 komodo dragons
  A freezing wraith (D:15)
  8 ice devils (IceCv)
  A polar bear (shapeshifter) (D:14)
  4 trolls
  An ancient zyme (Abyss:2)
  3 meliai (Lair:5)
  7 hornets
  12 polar bears
  A queen bee (Lair:5)
  A raiju (Abyss:2)
  10 blink frogs
  10 slime creatures
  A blink frog (shapeshifter) (D:12)
  5 dream sheep
  A centaur simulacrum (D:14)
  12 spriggans
  4 wraiths (D:11)
  2 shadows
  2 basilisks (D:15)
  6 wyverns
  59 yaks
  18 humans (D:14)
  Grum (D:11)
  2 steam dragons
  5 vampire mosquitoes
  An acid dragon (D:9)
  6 wargs
  24 nagas
  16 water moccasins
  An ice beast (D:8)
  Purgy (Sewer)
  8 black bears
  30 orc warriors
  A sky beast (D:6)
  8 ogres
  4 boggarts (Lair:6)
  40 wolves
  15 centaurs
  A kobold brigand (D:8)
  11 bullfrogs
  2 scorpions
  2 water moccasin skeletons
  42 killer bees
  4 wights (D:8)
  10 howler monkeys
  A centaur skeleton (D:7)
  A hound (D:6)
  3 jellies
  21 orc priests
  A bullfrog skeleton (D:6)
  An iron imp (Abyss:2)
  An iguana (D:5)
  Natasha (D:2)
  22 orc wizards
  5 hell rats (Lair:4)
  3 killer bee zombies (D:8)
  A hound skeleton (D:5)
  4 adders
  6 gnolls
  9 white imps
  9 ufetubi (IceCv)
  An adder skeleton (D:4)
  3 dart slugs
  74 orcs
  12 bats
  5 endoplasms
  9 giant cockroaches
  7 goblins
  8 hobgoblins
  4 jackals
  7 quokkas
  9 ball pythons
  2 frilled lizards (D:3)
  8 kobolds
  3 rats
867 creatures vanquished.

Vanquished Creatures (others)
  A deep elf pyromancer (D:13)
  2 orc wizards
  3 white imps (IceCv)
  An ufetubus (IceCv)
  An orc (D:12)
  A bush (Lair:6)
  21 fungi
  75 plants
105 creatures vanquished.

Grand Total: 972 creatures vanquished

Notes
Turn   | Place    | Note
-------+----------+-------------------------------------------
     0 | D:1      | freelancePsychic the Vine Stalker Fighter began the quest
                  | for the Orb.
     0 | D:1      | Reached XP level 1. HP: 11/11 MP: 2/2
   334 | D:1      | Reached XP level 2. HP: 9/16 MP: 1/3
   938 | D:1      | Reached XP level 3. HP: 19/20 MP: 4/4
  1806 | D:2      | Gained mutation: Your natural rate of healing is unusually
                  | fast. [Vine Stalker growth]
  1806 | D:2      | Reached XP level 4. HP: 25/25 MP: 5/5
  1902 | D:2      | Found a faded altar of an unknown god.
  2202 | D:3      | Noticed Natasha
  2225 | D:2      | Killed Natasha
  2246 | D:3      | Found an ancient bone altar of Kikubaaqudgha.
  2247 | D:3      | Found a shimmering altar of Xom.
  2253 | D:3      | Found a blossoming altar of Fedhas.
  2255 | D:3      | Found a shimmering blue altar of Sif Muna.
  2372 | D:3      | Found a burning altar of Makhleb.
  2617 | D:3      | Reached XP level 5. HP: 29/29 MP: 6/6
  2767 | D:4      | Found a glowing drain.
  2780 | Sewer    | Entered a sewer
  2818 | Sewer    | Noticed Purgy
  2831 | Sewer    | Killed Purgy
  2832 | Sewer    | Reached XP level 6. HP: 35/35 MP: 7/7
  2930 | D:4      | Noticed NateTC's ghost (amateur FoFi)
  2930 | D:4      | Noticed a small abomination
  2933 | D:4      | Found a one-way gate to the infinite horrors of the Abyss.
  2947 | D:4      | Found a transporter.
  3002 | D:4      | Identified the +5 spear of Tadad {elec, rN++ Int+7 Dex-3}
  3021 | D:4      | Found a transporter.
  3177 | D:4      | Reached skill level 5 in Fighting
  3467 | D:5      | Entered Level 5 of the Dungeon
  3644 | D:4      | Reached XP level 7. HP: 19/39 MP: 2/8
  3686 | D:5      | Reached skill level 5 in Short Blades
  3704 | D:5      | Found a runed translucent gate.
  3705 | D:5      | Found a runed translucent gate.
  3705 | D:5      | Noticed leviel's ghost (novice MiFi)
  3706 | D:5      | Found a runed translucent gate.
  3764 | D:5      | Found an iron altar of Okawaru.
  3796 | D:5      | Found a hide-covered altar of Uskayaw.
  3993 | D:5      | Gained mutation: Your spells are a little harder to cast,
                  | but a little more powerful. [potion of mutation]
  3993 | D:5      | Gained mutation: Your flesh is heat resistant. (rF+)
                  | [potion of mutation]
  4061 | D:5      | Became a worshipper of Uskayaw the Reveller
  4067 | D:6      | Reached * piety under Uskayaw
  4076 | D:6      | Reached ** piety under Uskayaw
  4200 | D:6      | Found a staircase to the Ecumenical Temple.
  4210 | Temple   | Entered the Ecumenical Temple
  4438 | D:6      | Reached *** piety under Uskayaw
  4611 | D:6      | Gained mutation: You have razor-sharp teeth. [Vine Stalker
                  | growth]
  4611 | D:6      | Reached XP level 8. HP: 45/45 MP: 9/9
  5281 | D:5      | Found an ornate altar of the Wu Jian Council.
  5543 | D:5      | Found Jiczuc's General Store.
  5803 | D:5      | Killed leviel's ghost
  5804 | D:5      | Reached **** piety under Uskayaw
  5885 | D:5      | Identified a scroll of acquirement
  5886 | D:5      | Acquired the +0 plate armour of Biclug {Drain +Blink SInv
                  | Stlth+}
  6124 | D:7      | Reached skill level 1 in Invocations
  6124 | D:7      | Reached XP level 9. HP: 37/50 MP: 4/10
  6207 | D:7      | Reached ***** piety under Uskayaw
  6700 | D:8      | Noticed Maurice
  6711 | D:8      | Killed Maurice
  6801 | D:8      | Found a runed translucent gate.
  6801 | D:8      | Found a runed translucent gate.
  6802 | D:8      | Found a runed translucent gate.
  6802 | D:8      | Found an opulent altar of Gozag.
  6803 | D:8      | Noticed a two-headed ogre
  6803 | D:8      | Noticed tinescath's ghost (novice DrTm)
  6923 | D:8      | Reached XP level 10. HP: 23/55 MP: 11/11
  7022 | D:8      | Reached skill level 10 in Short Blades
  7030 | D:8      | Reached skill level 5 in Armour
  7055 | D:8      | Found a large runed translucent door.
  7056 | D:8      | Found a large runed translucent door.
  7086 | D:8      | Identified the amulet "Jeraun" {Faith rF+}
  7285 | D:8      | Found a stormy altar of Qazlal.
  7292 | D:8      | Found an opulent altar of Gozag.
  7486 | D:9      | Noticed a two-headed ogre
  7692 | D:9      | Noticed a two-headed ogre
  7783 | D:10     | Entered Level 10 of the Dungeon
  8221 | D:10     | Noticed a two-headed ogre
  8235 | D:10     | Banished a two-headed ogre
  8310 | D:10     | Found a bloodstained altar of Trog.
  8673 | D:11     | Found a staircase to the Lair.
  8675 | D:11     | Noticed a fire dragon
  8708 | D:11     | Reached XP level 11. HP: 52/58 MP: 12/12
  8743 | D:11     | Noticed Grum
  8753 | D:11     | Found a staircase to the Orcish Mines.
  8757 | D:11     | Killed Grum
  8786 | D:11     | Reached skill level 1 in Dodging
  8786 | D:11     | Reached skill level 2 in Invocations
  8826 | D:11     | Noticed a cyan ugly thing
  8866 | D:11     | Killed a cyan ugly thing
  8867 | D:11     | Reached skill level 3 in Invocations
  9208 | D:11     | Noticed Josephine
  9223 | D:11     | Reached ****** piety under Uskayaw
  9225 | D:11     | Killed Josephine
  9226 | D:11     | Reached skill level 4 in Invocations
  9562 | D:9      | Killed a two-headed ogre
  9563 | D:9      | Reached skill level 5 in Invocations
  9794 | D:9      | Killed a two-headed ogre
  9941 | D:9      | Found a radiant altar of Vehumet.
 10026 | Lair:1   | Entered Level 1 of the Lair of Beasts
 10039 | Lair:1   | Reached XP level 12. HP: 66/66 MP: 17/17
 10114 | Lair:1   | Reached skill level 6 in Invocations
 10371 | Lair:1   | Reached skill level 5 in Dodging
 11017 | Lair:2   | Noticed a six-headed hydra
 11022 | Lair:2   | Banished a six-headed hydra
 11023 | Lair:2   | Reached skill level 7 in Invocations
 11027 | Lair:2   | Noticed a catoblepas
 11042 | Lair:2   | Banished a catoblepas
 11268 | Lair:2   | Found a glowing golden altar of the Shining One.
 11478 | Lair:3   | Found a staircase to the Snake Pit.
 11493 | Lair:3   | Noticed a catoblepas
 11648 | Lair:3   | Noticed a six-headed hydra
 11682 | Lair:3   | Killed a six-headed hydra
 11683 | Lair:3   | Reached skill level 8 in Invocations
 11686 | Lair:3   | Reached XP level 13. HP: 70/70 MP: 18/20
 12027 | Lair:3   | Reached skill level 9 in Invocations
 12043 | Lair:3   | Found a staircase to the Shoals.
 12163 | Lair:3   | Noticed Rupert
 13231 | Lair:5   | Reached skill level 10 in Invocations
 13372 | Lair:5   | Identified the Disquisition on Changing
 13429 | Lair:5   | Reached XP level 14. HP: 75/75 MP: 22/22
 13727 | Lair:5   | Found a runed translucent door.
 13814 | Lair:5   | Reached skill level 11 in Invocations
 14113 | Lair:5   | Identified the +8 short sword of the Baking Genius {vorpal,
                  | rN+}
 14157 | Lair:6   | Entered Level 6 of the Lair of Beasts
 14594 | Lair:6   | Reached skill level 12 in Invocations
 14753 | Lair:6   | Reached XP level 15. HP: 79/79 MP: 25/25
 15331 | Lair:6   | Reached skill level 13 in Invocations
 15421 | Lair:6   | Found a viscous altar of Jiyva.
 15422 | Lair:6   | Found a staircase to the Slime Pits.
 15600 | Lair:3   | Noticed Gastronok
 15611 | Lair:3   | Killed Rupert
 15629 | Lair:3   | Killed Gastronok
 16207 | Lair:3   | Noticed Fannar
 16215 | Lair:3   | Banished Fannar
 16431 | Orc:1    | Entered Level 1 of the Orcish Mines
 16441 | Orc:1    | Found Weoschuip's Antique Armour Shoppe.
 16525 | Orc:1    | Found a transporter.
 16652 | Orc:1    | Found a bloodstained altar of Trog.
 16702 | Orc:1    | Identified the amulet "Araryzod" {Reflect Rampage rN+ SH+5}
 16711 | Orc:1    | Found a transporter.
 16714 | Orc:1    | Noticed contendunt's ghost (journeyman MiFi)
 17030 | Orc:2    | Entered Level 2 of the Orcish Mines
 17066 | Orc:2    | Noticed an orc warlord
 17086 | Orc:2    | Killed an orc warlord
 17129 | Orc:2    | Found a staircase to the Elven Halls.
 17162 | Orc:2    | Found a frozen archway.
 17177 | Orc:2    | Reached skill level 14 in Invocations
 17203 | IceCv    | Entered an ice cave
 17367 | IceCv    | Identified the +3 barding of the Big Bang {*Corrode Int+2
                  | Dex+6 Slay+5}
 17922 | Orc:2    | Reached skill level 10 in Armour
 18244 | Orc:2    | Found Nif Otie's General Store.
 18244 | Orc:2    | Found Polly's Antique Weapon Shoppe.
 18255 | Orc:2    | Found Udivuusk's Antique Weapon Shop.
 18255 | Orc:2    | Found Piwamiku's Magic Scroll Shoppe.
 18306 | Orc:2    | Bought a scroll of enchant armour for 112 gold pieces
 18306 | Orc:2    | Bought a scroll of teleportation for 45 gold pieces
 18306 | Orc:2    | Bought a scroll of enchant armour for 112 gold pieces
 18306 | Orc:2    | Bought a scroll of enchant weapon for 112 gold pieces
 18485 | D:12     | Reached XP level 16. HP: 84/84 MP: 27/27
 18635 | D:12     | You fall into a shaft and drop 1 floor!
 18763 | D:14     | You fall into a shaft and drop 1 floor!
 18763 | D:15     | Entered Level 15 of the Dungeon
 18850 | D:15     | Reached skill level 15 in Invocations
 19416 | D:15     | Found a staircase to the Depths.
 19573 | D:14     | Reached skill level 16 in Invocations
 19604 | D:14     | Cast into level 2 of the Abyss (a wizard)
 19879 | Abyss:2  | Noticed a tentacled starspawn
 19891 | Abyss:2  | Killed a tentacled starspawn
 19950 | Abyss:2  | Found a hazy altar of Hepliaklqana.
 20083 | D:14     | Escaped the Abyss
 20109 | D:14     | Found a gate to the Vaults.
 20120 | D:14     | Reached XP level 17. HP: 81/88 MP: 30/30
 20144 | D:14     | Identified the +8 double sword of Understanding {freeze,
                  | rF- Int+7}
 20240 | D:14     | Reached skill level 10 in Fighting
 20522 | D:14     | Found Eragroba's Antique Armour Shoppe.
 20613 | D:14     | Noticed Louise
 20626 | D:14     | Killed Louise
 20652 | D:14     | Noticed Harold
 20671 | D:14     | Killed Harold
 22176 | Snake:1  | Entered Level 1 of the Snake Pit
 22383 | Snake:1  | Reached skill level 5 in Shields
 22522 | Snake:1  | Reached skill level 17 in Invocations
 22753 | Snake:1  | Identified the ring of Trepidation {Fly Str+7}
 23413 | Snake:2  | HP: 3/93 [guardian serpent/bolt of poison (19)]
 23414 | Snake:2  | Succumbed to a guardian serpent's bolt of poison

Illustrated notes

Levels and vault maps discovered:
D:1:      scummos_arrival_forest, layout_rooms
D:2:      layout_loops_cross, chequers_ecumenical_altar_grove
D:3:      layout_loops_cross, minitemple, lemuel_coloured_pillars_altar,
          corexii_shack, minmay_misc_feat_pillars, chequers_mini_garden,
          serial_bayou_pond_e, uniq_natasha
D:4:      layout_cave_pools, gup_sewer_entry_pipe,
          gammafunk_ghost_abyssal_escape, serial_bayou_pond_d
D:5:      layout_basic, okawaru_gym_becter, nicolae_overflow_hidden_temple,
          general_overflow_altar, lemuel_round_altar, serial_shops, shop,
          gammafunk_ghost_nasty_kobolds
D:6:      layout_basic, minmay_temple_entry_mini_moons
D:7:      layout_rooms
D:8:      layout_gridville, jmf_multi_god_temple2, ebering_ghost_gozag,
          minmay_misc_feat_rows, blue_anna_alchemist, uniq_maurice
D:9:      layout_irregular_city, kennysheep_mini, grunt_ministairs_14
D:10:     layout_loops_ring, lemuel_doored_altar
D:11:     layout_loops_ring, minmay_lair_entry_lava, orc_0_dummy,
          uniq_josephine, uniq_grum
D:12:     layout_basic
D:13:     layout_cave_pools, special_room [special_room_orc]
D:14:     layout_cave_pods, grunt_vaults_entry_tiered, minmay_misc_feat_five,
          serial_shops, nicolae_shop_behind_doors, minivault_11, sword_in_stone
D:15:     gammafunk_enter_depths_forms, layout_rooms,
          minmay_misc_feat_more_columns
Temple:   grunt_temple_mini_profane
Lair:1:   layout_misc_corridors, infiniplex_staircase_pool_2, grunt_megastairs_3
Lair:2:   layout_chaotic_city, basic_altar
Lair:3:   layout_cave_pods, minmay_shoals_entry_centaurs,
          minmay_snake_entry_guardpost_small, nicolae_quartered_pool_medium,
          st_stairs_6, wad_woods_road_03, grunt_forest_stairs_clearing,
          infiniplex_staircase_pool, minmay_lair_oklob_chamber, uniq_fannar,
          uniq_rupert, uniq_gastronok
Lair:4:   cheibrodos_lair_overgrown_chateau, layout_gridlike
Lair:5:   layout_cave_shapes, special_room [special_room_bee],
          serial_bayou_pond_d, pf_torpor_hydra
Lair:6:   minmay_lair_end_enchanted_forest, layout_layer_cave,
          dpeg_slime_entry_enclosed_altar, grunt_megastairs_5
Snake:1:  layout_grid_shapes, hangedman_snake_corridor_cut
Snake:2:  layout_rooms
Orc:1:    layout_caves, gammafunk_ghost_wrathful_warriors, serial_shops, shop,
          nicolae_orc_lost_temple
Orc:2:    grunt_orc_tribal_feast, layout_diamond_mine,
          portal_ice_cave_entry_animals_and_master, lemuel_statue_altar

Skill      XL: |  1  2  3  4  5  6  7  8  9 10 11 12 13 14 15 16 17 |
---------------+----------------------------------------------------+-----
Short Blades   | 2 3 4 6 7 9 11 12 13 14 | 14.0
Fighting       | 3 4 5 6 7 9 12 | 12.0
Invocations    | 1 5 8 10 12 14 16 17 | 17.2
Armour         | 4 5 7 10 11 | 11.0
Dodging        | 4 6 8 9 |  9.4
Shields        | 4 5 |  5.9

Action                   |  1- 3 |  4- 6 |  7- 9 | 10-12 | 13-15 | 16-18 || total
-------------------------+-------+-------+-------+-------+-------+-------++-------
Melee: Rapier            |   104 |   142 |   103 |   376 |   885 |   247 ||  1857
       Bite              |    23 |    42 |    60 |   174 |   408 |   477 ||  1184
       Spear             |       |    45 |    99 |       |       |       ||   144
       Quick blade       |       |       |       |       |       |   603 ||   603
Throw: Dart              |       |       |     3 |     1 |       |       ||     4
Invok: Grand Finale      |       |       |       |     2 |     4 |     3 ||     9
       Line Pass         |       |       |       |     1 |       |       ||     1
 Abil: Evoke Blink       |       |       |       |     1 |       |       ||     1
Evoke: Wand              |       |       |       |     3 |     4 |     4 ||    11
  Use: Scroll            |     1 |     4 |     9 |     5 |    13 |     7 ||    39
       Potion            |       |     1 |     5 |       |     1 |     4 ||    11
 Stab: Paralysed         |       |       |     9 |    25 |    93 |    75 ||   202
       Confused          |       |       |       |     1 |       |       ||     1
       Petrified         |       |       |       |       |     1 |       ||     1
Armor: Scale mail        |    35 |       |       |       |       |       ||    35
       Chain mail        |     4 |   137 |    78 |       |       |       ||   219
       Plate armour      |       |       |    85 |   155 |   314 |   182 ||   736
Dodge: Dodged            |    32 |    45 |    47 |    51 |   272 |   196 ||   643
Block: Kite shield       |    56 |    98 |   134 |   172 |   396 |       ||   856
       Buckler           |       |       |       |       |    11 |   108 ||   119
       Tower shield      |       |       |       |       |       |   166 ||   166

Table legend: (Time is in decaauts)
 A = Elapsed time spent in this place.
 B = Non-inter-level travel time spent in this place.
 C = Inter-level travel time spent in this place.
 D = Time resting spent in this place.
 E = Time spent auto-exploring this place.
 F = Levels seen in this place.
 G = Mean time per level.
                   A        B        C        D        E       F      G
               +--------+--------+--------+--------+--------+-----+--------+
         Total |  22867 |  21486 |   1381 |    715 |  15560 |  29 |  788.5 |
       Dungeon |  12801 |  12029 |    772 |    346 |   9086 |  15 |  853.4 |
        Temple |    219 |    195 |     24 |      0 |    188 |   1 |  219.0 |
          Lair |   6295 |   5962 |    333 |    164 |   4476 |   6 | 1049.2 |
     Snake Pit |   1145 |   1107 |     38 |    123 |    623 |   2 |  572.5 |
  Orcish Mines |   1553 |   1340 |    213 |     38 |    853 |   2 |  776.5 |
         Abyss |    387 |    387 |      0 |      7 |    274 |   1 |  387.0 |
         Sewer |    107 |    107 |      0 |      0 |     57 |   1 |  107.0 |
      Ice Cave |    357 |    357 |      0 |     37 |      3 |   1 |  357.0 |
               +--------+--------+--------+--------+--------+-----+--------+

Top non-repeatable levels by time:
     D:1: 1432 daAuts
  Lair:6: 1355 daAuts
     D:5: 1287 daAuts
  Lair:3: 1225 daAuts
 Snake:1: 1079 daAuts
     D:6: 1079 daAuts
  Lair:4: 1034 daAuts
  Lair:2: 1018 daAuts
    D:14: 975 daAuts
    D:11: 955 daAuts
  Lair:5: 918 daAuts
    D:10: 909 daAuts
     D:9: 815 daAuts
     D:8: 814 daAuts
   Orc:2: 806 daAuts
